 Dungeon Crawl Stone Soup version 0.19-a0-1920-g83281cb (webtiles) character file.

1441920 JFunk the Spry (level 27, 173/173 HPs)
             Began as a Halfling Assassin on Oct 21, 2016.
             Was a High Priest of Hepliaklqana.
             Escaped with the Orb
             ... and 3 runes on Oct 23, 2016!
             The game lasted 10:05:11 (99989 turns).

JFunk the Spry (Halfling Assassin)                 Turns: 99989, Time: 10:05:11

Health: 173/173    AC: 33    Str: 12    XL:     27
Magic:  34/36      EV: 40    Int: 16    God:    Hepliaklqana [*****.]
Gold:   1569       SH: 12    Dex: 32    Spells: 8 memorised, 4 levels left

rFire  + . .     SeeInvis .     a - +9 demon trident (elec)
rCold  . . .     Gourm    .     k - quicksilver dragon scales
rNeg   . . .     Faith    .     y - +3 buckler {AC+3}
rPois  +         Spirit   .     U - +2 hat {Int+3}
rElec  .         Reflect  .     z - +0 cloak of Saczuf {rF+ Dex+5}
rCorr  .         Harm     .     C - +2 pair of gloves
MR     +++..                    o - +2 pair of boots {Stlth+}
Stlth  +++.......               P - amulet "Zoiqojamm" {rPois Regen+ Dex+2 Stlth+}
                                E - +5 ring of evasion
                                O - +5 ring of protection {=R}

@: no status effects
A: reduced essence, mutation resistance 1, screaming 1, MP-powered wands
a: Recall Ancestor, Ancestor Identity, Transference, Idealise, Renounce Religion
0: Orb of Zot
}: 3/15 runes: decaying, serpentine, abyssal


You escaped.
You worshipped Hepliaklqana.
Hepliaklqana was extremely pleased with you.
You were not hungry.

You visited 10 branches of the dungeon, and saw 49 of its levels.
You visited the Abyss 1 time.
You also visited: Ice Cave.

You collected 4888 gold pieces.
You spent 3319 gold pieces at shops.


Innate Abilities, Weirdness & Mutations

You are small and have problems with some larger weapons.
You are somewhat resistant to further mutation.
Your life essence is reduced. (-10% HP)
You occasionally shout uncontrollably at your foes.
You expend magic power (3 MP) to strengthen your wands.


   Skills:
 + Level 17.4 Fighting
 - Level 10.5 Short Blades
 - Level 14.5 Polearms
 - Level 13.0(14.4) Slings
 - Level 8.0(10.0) Throwing
 + Level 14.3 Armour
 + Level 19.8 Dodging
 - Level 16.9 Stealth
 - Level 5.8 Shields
 - Level 2.7 Spellcasting
 - Level 6.1 Charms
 * Level 11.9 Summonings
 - Level 9.4 Necromancy
 - Level 11.1 Translocations
 + Level 18.4 Invocations
 + Level 16.5 Evocations


You had 4 spell levels left.
You knew the following spells:

 Your Spells              Type           Power        Failure   Level  Hunger
a - Apportation           Tloc           #####.....   1%          1    #......
d - Summon Demon          Summ           #####.....   10%         5    ######.
f - Summon Forest         Summ/Tloc      #####.....   10%         5    ######.
l - Animate Skeleton      Necr           N/A          1%          1    #......
q - Animate Dead          Necr           N/A          10%         4    #####..
r - Regeneration          Chrm/Necr      ####......   6%          3    ###....
u - Aura of Abjuration    Summ           #####.....   10%         5    ######.
P - Lesser Beckoning      Tloc           #####.....   1%          3    ###....

Inventory:

Hand Weapons
 a - a +9 demon trident of electrocution (weapon)
 b - a +1 fustibalus of venom
 d - the +9 dagger of Chilly Death {flash freeze, rPois rF- rC++ MR+}
   (You found it on level 14 of the Dungeon)

   It has been specially enchanted to freeze those struck by it, causing extra
   injury to most foes and up to half again as much damage against particularly
   susceptible opponents.
   It can also slow down cold-blooded creatures.
   It makes you vulnerable to fire.
   It greatly protects you from cold.
   It protects you from poison.
   It affects your resistance to hostile enchantments.
 r - a +0 blowgun {@w1}
Missiles
 e - 176 poisoned needles
 f - 12 needles of confusion
 v - 8 curare-tipped needles {=f}
 M - 5 needles of sleeping
 N - 200 sling bullets
Armour
 k - quicksilver dragon scales (worn)
 o - a +2 pair of boots of stealth (worn)
 p - +3 fire dragon scales
 y - a +3 buckler of protection (worn)
 z - the +0 cloak of Saczuf (worn) {rF+ Dex+5}
   (You found it on level 1 of the Snake Pit)

   It affects your dexterity (+5).
   It protects you from fire.
 C - a +2 pair of gloves (worn)
 U - a +2 hat of intelligence (worn)
Jewellery
 E - a +5 ring of evasion (right hand)
 O - a +5 ring of protection (left hand) {=R}
 P - the amulet "Zoiqojamm" (around neck) {rPois Regen+ Dex+2 Stlth+}
   (You took it off an ogre mage on level 3 of the Depths)

   [amulet of regeneration]

   It affects your dexterity (+2).
   It protects you from poison.
   It increases your rate of regeneration.
   It makes you more stealthy.
Wands
 c - a wand of heal wounds (3/9) {@v2}
 n - a wand of confusion (21/48)
 u - a wand of digging (11/24)
 x - a wand of digging (12/24)
 D - a wand of disintegration (10/24)
 G - a wand of iceblast (7/15)
 I - a wand of hasting (0/9) {@v3}
 Q - a wand of heal wounds (5/9) {@v2}
 V - a wand of hasting (3/9) {@v3}
 W - a wand of iceblast (5/15)
Scrolls
 g - 5 scrolls of recharging
 i - 5 scrolls of fear
 j - 2 scrolls of teleportation {@r4}
 B - 7 scrolls of magic mapping
 J - 9 scrolls of blinking
 K - 9 scrolls of fog
 S - 7 scrolls of identify {@r1}
 T - 3 scrolls of immolation {!r}
Potions
 h - 11 potions of curing {@q1}
 l - 2 potions of resistance
 q - 2 potions of flight
 w - 2 potions of cure mutation
 A - 2 potions of berserk rage {!q}
 F - 2 potions of agility
 L - 2 potions of invisibility
 X - 5 potions of magic
 Y - 9 potions of brilliance
 Z - a potion of heal wounds {@q2}
Miscellaneous
 m - a sack of spiders
 t - a fan of gales
 R - a lamp of fire
Comestibles
 H - 23 meat rations {@e1}

Dungeon Overview and Level Annotations

Branches:
Dungeon (15/15)            Temple (1/1) D:6            Lair (6/6) D:8
  Swamp (4/4) Lair:4        Snake (4/4) Lair:3        Slime (0/5) Lair:5
    Orc (2/2) D:10            Elf (3/3) Orc:2        Vaults (4/5) D:13
  Crypt (0/3) Vaults:2     Depths (5/5) D:15            Zot (5/5) Depths:5

Altars:
Ashenzari
Cheibriados
Dithmenos
Elyvilon
Fedhas
Gozag
Hepliaklqana
Kikubaaqudgha
Makhleb
Nemelex Xobeh
Sif Muna
Trog
Uskayaw
Xom
Yredelemnul
Zin

Shops:
D:15 (   Orc:2 (*=%[   Elf:2 ?   Vaults:2 }   Depths:1 =}}

Portals:
Hell: Depths:1 Depths:2 Depths:3 Depths:4 Depths:5
Abyss: Depths:1 Depths:3 Depths:4 Depths:5
Pandemonium: Depths:3 Depths:5
Ziggurat: Depths:2

Annotations:
Lair:1 exclusions: electric eel and 2 hydras
Swamp:3 exclusion: hydra
Orc:2 exclusion: upstairs
Elf:3 1 exclusion
Vaults:1 exclusion: downstairs
Vaults:2 exclusion: downstairs, Boris
Zot:1 Tiamat

## #.# #..###'### #.....#.##. .#
#.# #..#.....# ##...##.... P###.#
#..#.....# ##.######. P##..#
##.#.....# #.P## #. .##.##
#.#.▒▒▒.# ##.PP# #. ....#
#.#.▒.▒.# ###.P♣P## #. ###.#
####.#.▒▒▒.# #...P♣♣.# #.
###.#####....#.....# #..♣.♣PP# #.
.......##.##.#..@R.###..P♣♣..####
....##.##.##.#......#.PPP♣♣P.....
.............#######....♣♣♣P...P♣
....##.##.........##.>..♣ ♣♣...P♣
.......###.#.##...##.#..♣♣♣..#..♣
.####### #.#.....###.##PP♣P.###..
.# #.#..##.# #.##P.♣P## #.. .#
#.#..##.###.# #P.# ### .#
#........)..# ##.#


You could see the friendly Publia the hexer.


Message History

Publia hits the Orb Guardian with an antimagic quick blade!
You impale the Orb Guardian!!
You kill the Orb Guardian!
No target in view!
There is an open door here.
Your magical contamination has completely faded away.
There is an open door here.
There is an open door here.
A red devil comes into view. It is wielding a trident.
A red devil comes into view. It is wielding a trident.
There is a stone staircase leading up here.
You climb upwards.
A quokka comes into view.
There is a stone staircase leading down here.
Unknown command.
Unknown command.
A quokka is nearby!
You block the quokka's attack.
Publia gestures wildly while chanting.
The quokka appears confused.
The quokka bites itself.
You catch the helpless quokka completely off-guard!
You hit the quokka.
You kill the quokka!
Evoke which item? (* to show all) (? for menu, Esc to quit)
Zapping:
D - a wand of disintegration (11/24)
Press: ? - help, Shift-Dir - straight line The rock wall explodes into countless fragments.
This wand has 10 charges left.
There is a staircase leading out of the dungeon here.
You have escaped!

Skill      XL: |  1  2  3  4  5  6  7  8  9 10 11 12 13 14 15 16 17 18 19 20 21 22 23 24 25 26 27 |
---------------+----------------------------------------------------------------------------------+-----
Short Blades   | 3 4 5 6 8 9 10 | 10.5
Stealth        | 5 6 7 8 9 10 11 12 13 14 15 16 | 16.9
Dodging        | 2 3 4 5 6 7 8 9 10 12 13 14 15 16 17 18 19 | 19.8
Fighting       | 2 3 4 5 6 7 8 9 10 11 12 13 14 15 16 17 | 17.4
Necromancy     | 2 4 5 6 7 8 9 |  9.4
Throwing       | 3 6 7 8 |  8.0
Polearms       | 2 5 7 8 10 11 12 13 14 | 14.5
Invocations    | 2 6 7 8 9 10 11 12 13 14 15 16 18 | 18.4
Evocations     | 3 5 6 7 8 9 10 11 12 13 14 15 16 | 16.5
Charms         | 4 6 |  6.1
Slings         | 4 8 9 11 13 | 13.0
Shields        | 1 5 |  5.8
Spellcasting   | 2 |  2.7
Armour         | 5 9 10 14 | 14.3
Translocations | 3 8 11 | 11.1
Summonings     | 1 11 | 11.9

Action                   |  1- 3 |  4- 6 |  7- 9 | 10-12 | 13-15 | 16-18 | 19-21 | 22-24 | 25-27 || total
-------------------------+-------+-------+-------+-------+-------+-------+-------+-------+-------++-------
Melee: Dagger            |    79 |   196 |   601 |   351 |   275 |   119 |   190 |   323 |   446 ||  2580
       Short sword       |       |       |     3 |       |       |       |       |       |       ||     3
       Demon trident     |       |       |       |   153 |   841 |  1048 |  1198 |  1418 |  1921 ||  6579
 Fire: Blowgun           |       |     5 |    22 |    42 |   127 |       |    13 |     7 |     6 ||   222
       Fustibalus        |       |       |       |       |       |   139 |    53 |    22 |   142 ||   356
Throw: Stone             |     5 |       |     4 |    16 |    66 |    39 |    48 |    65 |    60 ||   303
       Tomahawk          |       |       |       |     3 |    31 |       |     2 |       |       ||    36
       Throwing net      |       |       |       |       |       |     2 |       |       |       ||     2
 Cast: Animate Skeleton  |       |       |     8 |    40 |   130 |   106 |    41 |    42 |    16 ||   383
       Regeneration      |       |       |       |       |       |    15 |    17 |     7 |    29 ||    68
       Animate Dead      |       |       |       |       |       |     7 |    44 |    52 |    60 ||   163
       Apportation       |       |       |       |       |       |       |       |       |     2 ||     2
       Summon Demon      |       |       |       |       |       |       |       |       |     3 ||     3
       Summon Forest     |       |       |       |       |       |       |       |       |     3 ||     3
       Aura of Abjuratio |       |       |       |       |       |       |       |       |     1 ||     1
Invok: Recall Ancestor   |       |       |     5 |    14 |    15 |    14 |    15 |     7 |    26 ||    96
       Ancestor Life: He |       |       |       |     1 |       |       |       |       |       ||     1
       Idealise          |       |       |       |       |     7 |     8 |     9 |     3 |     9 ||    36
       Transference      |       |       |       |       |     3 |     4 |     6 |     1 |     5 ||    19
 Abil: Evoke Flight      |       |       |       |       |       |     7 |     4 |     1 |       ||    12
Evoke: Wand              |       |       |    10 |       |     5 |    33 |    17 |    20 |    18 ||   103
       Lamp of fire      |       |       |       |       |       |       |       |     1 |     1 ||     2
       Sack of spiders   |       |       |       |       |       |       |       |       |     3 ||     3
       Box of beasts     |       |       |       |       |       |       |       |       |     1 ||     1
  Use: Scroll            |       |       |     9 |     7 |    33 |    10 |    13 |    22 |    14 ||   108
       Potion            |       |       |       |     1 |     1 |     3 |     9 |     3 |     7 ||    24
 Stab: Sleeping          |     8 |    14 |    15 |    24 |    35 |    29 |    27 |    43 |    27 ||   222
       Distracted        |       |       |     1 |     8 |    28 |    34 |    20 |    31 |    67 ||   189
       Confused          |       |       |     4 |    12 |    28 |    23 |   136 |   141 |   242 ||   586
       Paralysed         |       |       |       |       |    13 |    59 |    81 |    80 |   129 ||   362
       Invisible         |       |       |       |       |     2 |       |       |       |     3 ||     5
  Eat: Chunk             |     1 |     9 |    19 |    26 |    54 |    27 |    42 |    52 |    19 ||   249
       Fruit             |       |       |     2 |     1 |       |    18 |     4 |     2 |       ||    27
       Bread ration      |       |       |     1 |       |       |     4 |     4 |     2 |    12 ||    23
       Pizza             |       |       |       |     1 |       |     2 |     1 |     1 |     1 ||     6
       Beef jerky        |       |       |       |       |     1 |     6 |       |       |       ||     7
       Royal jelly       |       |       |       |       |       |       |       |     1 |       ||     1
       Meat ration       |       |       |       |       |       |       |       |       |     1 ||     1
Armor: Robe              |     5 |       |    57 |    61 |   140 |   183 |   130 |    75 |       ||   651
       Leather armour    |    14 |    38 |    32 |       |       |       |       |       |       ||    84
       Skin              |       |       |       |       |       |     8 |       |       |       ||     8
       Swamp dragon scal |       |       |       |       |       |     1 |       |       |       ||     1
       Fire dragon scale |       |       |       |       |       |       |       |    39 |    28 ||    67
       Mottled dragon sc |       |       |       |       |       |       |       |    36 |    85 ||   121
       Quicksilver drago |       |       |       |       |       |       |       |       |   174 ||   174
Dodge: Dodged            |    38 |   121 |   430 |   377 |   711 |   994 |   672 |   668 |  1387 ||  5398
Block: Buckler           |       |       |       |       |       |   217 |   271 |   416 |   661 ||  1565

Vault maps used:
D:1:      nicolae_arrival_memento_mori, serial_forest,
          infiniplex_forest_clump_diagonal, infiniplex_forest_clump_long,
          infiniplex_forest_clump_medium, infiniplex_forest_clump_curved,
          infiniplex_forest_clump_small, infiniplex_forest_clump_medium,
          infiniplex_forest_clump_C, minmay_quantized
D:2:      grunt_temple_overflow_diamond
D:3:      cheibrodos_thug_alley, kennysheep_another_room
D:4:      elyvilon_altar_1, uniq_edmund
D:5:      first_bread
D:6:      cheibriados_altar_1, dancing_weapons_uskayaw,
          nicolae_ossuary_entry_giza, kennysheep_generic_room_11
D:7:      lemuel_coloured_pillars_altar
D:8:      lair_0_dummy, enter_bailey_3
D:9:      minmay_gold_behind_fungi, uniq_prince_ribbit1
D:10:     orc_0_dummy, uniq_snorg
D:11:     uniq_harold
D:12:     minmay_outward_triangles
D:13:     david_vaults_2
D:14:     kennysheep_kobold_grotto, lab_entry_generic, uniq_nessos
D:15:     grunt_enter_depths_snipers, hangedman_decor_diamond_cutter,
          serial_shops, shop
Temple:   eino_temple_water
Lair:1:   serial_bayou_shore_a, grunt_megastairs_4
Lair:2:   minivault_11, st_stairs_12, lemuel_fruit_fields, uniq_gastronok
Lair:3:   minmay_snake_entry_guardpost_small
Lair:4:   minmay_swamp_entry_swarm, lemuel_fruit_fields
Lair:5:   minmay_slime_entry_pillars
Lair:6:   evilmike_catoblepas_cave
Swamp:1:  evilmike_swamp_ruin_wall, infiniplex_staircase_pool
Swamp:2:  evilmike_swamp_ruin_rubble_1
Swamp:3:  evilmike_swamp_ruin_house_2
Swamp:4:  swamp_fiery, uniq_jorgrun, uniq_mara
Snake:1:  uniq_frances
Snake:3:  grunt_ministairs_12
Snake:4:  snake_pit, portal_ice_cave_entry_horrid_things
Orc:1:    lemuel_ogre_cave
Orc:2:    st_orc_elflike, serial_shops, shop_statue, led_sif_book, uniq_donald
Elf:1:    hangedman_corner_corridor, minivault_26
Elf:2:    serial_shops, shop, uniq_louise, uniq_azrael
Elf:3:    minmay_elf_hall_quartered_circle, grunt_megastairs_3
Vaults:1: vaults_room_grunt_arrival_ludios, vaults_room_pool,
          hangedman_vaults_trim, st_octagons_1, vaults_room_pool,
          ontoclasm_vaults_tryst, hangedman_vaults_corner_blocks,
          ontoclasm_vaults_claustrophobia, nicolae_vaults_ninety_degrees,
          v_rooms_1, ontoclasm_vaults_decontamination,
          nicolae_vaults_little_squares_6
Vaults:2: dpeg_vaults_monster_box, st_lines, vaults_mumra_minichess, v_rooms_3,
          nicolae_vaults_hallways_thing, ontoclasm_vaults_twist,
          minmay_crypt_entry_necro_gods, ontoclasm_vaults_chip,
          nicolae_vaults_network_square, v_misc_11, vaults_room_grid,
          serial_shops, nicolae_shop_crystal, uniq_boris
Vaults:3: ontoclasm_vaults_shout, grunt_vaults_hallway_long,
          dpeg_vaults_monster_row, hangedman_vaults_restitches, v_pattern_1,
          v_misc_22, vaults_room_fancy_cross, ontoclasm_vaults_shuriken,
          hangedman_vaults_pinch, vaults_room_corners,
          nicolae_vaults_angled_halls, nicolae_vaults_border_crossing,
          nicolae_vaults_little_squares_2, vaults_room_hallway,
          nicolae_vaults_little_ls, uniq_saint_roka, uniq_nikola
Vaults:4: vaults_room_large_hall, vaults_room_glass_cross,
          vaults_standard_mumra_lines, v_misc_12, vaults_dpeg_spiral, v_misc_10,
          vaults_dpeg_ring, vaults_room_ringed_pool, hangedman_vaults_capsules,
          v_misc_28, nicolae_vaults_little_squares_1, vaults_dpeg_encased_lava,
          portal_desolation_entry_garden, uniq_bai_suzhen
Depths:1: minmay_room_of_horrors, hell_entry, minmay_holes,
          nicolae_water_bricks, corexii_leaking_fountain, moated_statue,
          grunt_ministairs_6, minmay_misc_feat_room, nrook_uturn,
          item_on_display_a, minmay_shop_grove
Depths:2: cheibrodos_lost_city_excavation, enter_ziggurat_b, hell_entry,
          xom_teletrap_fun, infiniplex_staircase_split_hallway, firewood_loft
Depths:3: spriggan_forest, abyss_entry, pan_entry, hell_entry
Depths:4: kennysheep_ambush_hall, lightli_too_deep, abyss_entry,
          serial_sigils_hangedman_confine
Depths:5: lemuel_castle_with_subvaults, abyss_entry_crystal,
          grunt_pan_entry_sceptre, hell_entry, moated_statue,
          minmay_stone_trees_small, basic_stair_grate_trap, uniq_margery
Zot:1:    grunt_ministairs_6, st_stairs_2, uniq_tiamat
Zot:2:    lemuel_halls_of_wrath
Zot:3:    kennysheep_underground_church
Abyss:3:  evilmike_abyss_rune_ettins, evilmike_abyss_exit_1
IceCv:    ice_cave_statue_garden_chambered

Notes
Turn   | Place    | Note
-------+----------+-------------------------------------------
     0 | D:1      | JFunk the Halfling Assassin began the quest for the Orb.
     0 | D:1      | Reached XP level 1. HP: 14/14 MP: 1/1
   274 | D:1      | Reached XP level 2. HP: 18/19 MP: 2/2
   279 | D:1      | Reached skill level 3 in Short Blades
   607 | D:1      | Reached XP level 3. HP: 24/24 MP: 3/3
   728 | D:1      | Reached skill level 5 in Stealth
  1356 | D:2      | Reached XP level 4. HP: 29/29 MP: 4/4
  1729 | D:2      | Reached skill level 4 in Short Blades
  2679 | D:2      | Reached XP level 5. HP: 30/34 MP: 5/5
  2791 | D:2      | Found a shadowy altar of Dithmenos.
  2794 | D:2      | Found a burning altar of Makhleb.
  2797 | D:2      | Found a deep blue altar of Sif Muna.
  3221 | D:4      | Reached skill level 5 in Short Blades
  3221 | D:4      | Reached skill level 6 in Stealth
  3506 | D:4      | Noticed Edmund
  3558 | D:4      | Noticed an ogre
  3607 | D:5      | Entered Level 5 of the Dungeon
  3608 | D:5      | Reached XP level 6. HP: 39/39 MP: 6/6
  3787 | D:5      | Noticed an ogre
  3789 | D:5      | Killed an ogre
  3789 | D:5      | Reached skill level 2 in Dodging
  3928 | D:5      | Noticed an ogre
  3932 | D:5      | Killed an ogre
  3932 | D:5      | Reached skill level 7 in Stealth
  3932 | D:5      | Reached XP level 7. HP: 42/44 MP: 7/7
  4035 | D:5      | Reached skill level 6 in Short Blades
  4159 | D:4      | Found a white marble altar of Elyvilon.
  4180 | D:4      | Killed Edmund
  4180 | D:4      | Reached skill level 2 in Fighting
  4180 | D:4      | Reached skill level 3 in Dodging
  4788 | D:5      | Reached XP level 8. HP: 51/51 MP: 8/8
  4926 | D:6      | Noticed a hand axe
  4926 | D:6      | Noticed a hand axe
  4929 | D:6      | Found a hide-covered altar of Uskayaw.
  4940 | D:6      | Found a staircase to the Ecumenical Temple.
  5038 | D:6      | Reached skill level 7 in Short Blades
  5188 | Temple   | Entered the Ecumenical Temple
  5207 | Temple   | Became a worshipper of Hepliaklqana the Forgotten
  5859 | D:6      | Reached skill level 4 in Dodging
  5975 | D:5      | Reached skill level 3 in Fighting
  6360 | D:6      | Found a snail-covered altar of Cheibriados.
  6615 | D:6      | You fall through a shaft for 2 floors!
  6615 | D:8      | Found a flagged portal.
  6910 | D:8      | Found a staircase to the Lair.
  6954 | D:7      | Reached skill level 8 in Short Blades
  7292 | D:7      | Reached skill level 8 in Stealth
  7431 | D:7      | Reached XP level 9. HP: 51/51 MP: 9/9
  7632 | D:6      | Reached * piety under Hepliaklqana
  7727 | D:6      | Learned a level 1 spell: Animate Skeleton
  7729 | D:6      | Learned a level 1 spell: Apportation
  7845 | D:6      | Reached skill level 9 in Short Blades
  8075 | D:7      | Reached skill level 5 in Dodging
  8095 | D:7      | Reached skill level 4 in Fighting
  8243 | D:7      | Reached skill level 1 in Necromancy
  8509 | D:7      | Reached skill level 2 in Necromancy
  9098 | D:7      | Found a shattered altar of Ashenzari.
  9863 | D:6      | Reached skill level 9 in Stealth
 10229 | D:8      | Reached skill level 3 in Throwing
 10631 | D:8      | Reached XP level 10. HP: 58/58 MP: 10/10
 10637 | D:8      | Reached skill level 4 in Throwing
 10969 | D:8      | Reached ** piety under Hepliaklqana
 10970 | D:8      | Remembered your ancestor Publia as a hexer
 10993 | D:8      | Reached skill level 5 in Throwing
 11528 | D:4      | Reached skill level 6 in Throwing
 11675 | D:8      | Reached skill level 10 in Stealth
 11682 | Lair:1   | Entered Level 1 of the Lair of Beasts
 11748 | Lair:1   | Noticed a seven-headed hydra
 11807 | Lair:1   | Noticed a five-headed hydra
 11819 | Lair:1   | Noticed a spiny frog
 11830 | Lair:1   | Killed a spiny frog
 11830 | Lair:1   | Reached skill level 6 in Dodging
 11913 | Lair:1   | Reached skill level 1 in Polearms
 12195 | D:8      | Reached skill level 2 in Polearms
 12389 | Lair:1   | Reached *** piety under Hepliaklqana
 12397 | Lair:1   | Reached skill level 5 in Fighting
 12579 | Lair:1   | Noticed a spiny frog
 12595 | Lair:1   | Killed a spiny frog
 12837 | Lair:1   | Reached XP level 11. HP: 63/63 MP: 11/11
 12896 | Lair:2   | Reached skill level 3 in Polearms
 13016 | Lair:2   | Reached skill level 7 in Throwing
 13065 | Lair:2   | Reached skill level 4 in Polearms
 13108 | Lair:2   | Noticed Gastronok
 13248 | Lair:2   | Killed Gastronok
 13248 | Lair:2   | Reached skill level 7 in Dodging
 13248 | Lair:2   | Reached skill level 11 in Stealth
 13326 | Lair:1   | Reached skill level 5 in Polearms
 13585 | Lair:1   | Reached **** piety under Hepliaklqana
 13816 | Lair:3   | Reached skill level 6 in Fighting
 14017 | Lair:3   | Reached skill level 1 in Invocations
 14321 | Lair:3   | Found a staircase to the Snake Pit.
 15197 | Lair:3   | Reached skill level 2 in Invocations
 15398 | Lair:4   | Reached XP level 12. HP: 71/71 MP: 13/13
 15480 | Lair:4   | Reached ***** piety under Hepliaklqana
 15577 | Lair:4   | Reached skill level 3 in Invocations
 15642 | Lair:4   | Found a staircase to the Swamp.
 15902 | Lair:4   | Reached skill level 6 in Polearms
 16200 | Lair:4   | Noticed an eight-headed hydra
 16391 | Lair:4   | Killed an eight-headed hydra
 16391 | Lair:4   | Reached skill level 8 in Throwing
 16391 | Lair:4   | Reached skill level 8 in Dodging
 16391 | Lair:4   | Reached skill level 4 in Invocations
 17258 | Lair:5   | Reached ****** piety under Hepliaklqana
 18023 | Lair:5   | Reached skill level 5 in Invocations
 18064 | Lair:5   | Found a staircase to the Slime Pits.
 18084 | Lair:5   | Reached skill level 7 in Polearms
 18340 | Lair:6   | Entered Level 6 of the Lair of Beasts
 18392 | Lair:6   | Reached skill level 7 in Fighting
 18554 | Lair:5   | Reached skill level 12 in Stealth
 18639 | Lair:6   | Reached skill level 6 in Invocations
 18691 | Lair:5   | Reached XP level 13. HP: 77/77 MP: 17/17
 18782 | Lair:6   | Reached skill level 1 in Evocations
 18864 | Lair:6   | Noticed a five-headed hydra
 18878 | Lair:6   | Killed a five-headed hydra
 18941 | Lair:6   | Reached skill level 9 in Dodging
 19108 | Lair:6   | Reached skill level 8 in Polearms
 19173 | Lair:6   | Reached skill level 2 in Evocations
 19714 | Lair:6   | Noticed a catoblepas
 20077 | D:9      | Noticed Prince Ribbit
 20080 | D:9      | Killed Prince Ribbit
 21057 | D:10     | Entered Level 10 of the Dungeon
 21195 | D:10     | Found a staircase to the Orcish Mines.
 21449 | D:10     | Reached skill level 8 in Fighting
 21717 | D:10     | Noticed Snorg
 21739 | D:10     | Killed Snorg
 22035 | D:11     | Noticed Vibarexel's ghost (journeyman DEFE)
 22061 | D:11     | Killed Vibarexel's ghost
 22061 | D:11     | Reached skill level 3 in Evocations
 22571 | D:11     | Noticed Harold
 22635 | D:11     | Killed Harold
 22635 | D:11     | Reached skill level 7 in Invocations
 22644 | D:11     | Reached XP level 14. HP: 80/84 MP: 19/19
 23171 | Orc:1    | Entered Level 1 of the Orcish Mines
 23209 | D:10     | Reached skill level 9 in Polearms
 23333 | Orc:1    | Reached skill level 13 in Stealth
 23873 | Orc:2    | Entered Level 2 of the Orcish Mines
 23940 | Orc:2    | Found Xapaerie's Weapon Emporium.
 24175 | Orc:2    | Noticed Donald
 24298 | D:10     | Reached skill level 10 in Dodging
 24316 | D:10     | Reached skill level 4 in Evocations
 25139 | D:12     | Noticed a frost giant
 25149 | D:12     | Killed a frost giant
 26078 | D:13     | Reached skill level 9 in Fighting
 26142 | D:13     | Reached skill level 8 in Invocations
 26482 | D:13     | Reached skill level 10 in Polearms
 26558 | D:13     | Reached skill level 5 in Evocations
 27372 | D:13     | Found a gate to the Vaults.
 28536 | D:14     | Noticed Nessos
 28770 | D:14     | Killed Nessos
 28770 | D:14     | Reached XP level 15. HP: 90/90 MP: 21/21
 29330 | D:14     | Reached skill level 11 in Dodging
 29508 | D:15     | Entered Level 15 of the Dungeon
 29757 | D:15     | Reached skill level 6 in Evocations
 30215 | D:15     | Found Gatotato's Antique Weapon Shop.
 30351 | D:15     | Reached skill level 14 in Stealth
 31127 | D:15     | Found a staircase to the Depths.
 31358 | D:13     | Reached skill level 9 in Invocations
 31613 | Orc:2    | Killed Donald
 31668 | Orc:2    | Found a deep blue altar of Sif Muna.
 31737 | Orc:2    | Found a staircase to the Elven Halls.
 32162 | Orc:2    | Paralysed by an orc sorcerer for 7 turns
 32812 | Orc:2    | Reached skill level 11 in Polearms
 33013 | Orc:2    | Reached skill level 12 in Dodging
 33132 | Orc:2    | Found Imeam's General Store.
 33135 | Orc:2    | Found Vonoik's Jewellery Shoppe.
 33142 | Orc:2    | Found Egyvi Sioma's Food Shoppe.
 33144 | Orc:2    | Found Gooquk's Antique Armour Boutique.
 33162 | Orc:2    | Bought a +5 ring of protection for 605 gold pieces
 33167 | Orc:2    | Bought a scroll of enchant armour for 135 gold pieces
 33179 | Orc:2    | Bought a creamy pearl robe for 136 gold pieces
 33185 | Orc:2    | Identified the cursed +0 robe of Synwiorecs {Str+3} (You bought it in a shop on level 2 of the Orcish Mines)
 33187 | Orc:2    | Bought a heavily runed ring mail for 216 gold pieces
 33187 | Orc:2    | Identified the cursed +0 ring mail of Absolutism {rElec rC+ Int+8 Stlth-} (You bought it in a shop on level 2 of the Orcish Mines)
 33509 | Orc:1    | Noticed Erolcha
 33530 | Orc:1    | Reached XP level 16. HP: 92/98 MP: 23/23
 33542 | Orc:1    | Killed Erolcha
 33902 | Orc:1    | Reached skill level 10 in Fighting
 34226 | Elf:1    | Entered Level 1 of the Elven Halls
 34487 | Snake:1  | Entered Level 1 of the Snake Pit
 34548 | Swamp:1  | Entered Level 1 of the Swamp
 34678 | Swamp:1  | Got a topaz-studded ring mail
 34679 | Swamp:1  | Identified the +1 ring mail of Spin the Turtle {*Corrode rPois Dex+2} (You found it on level 1 of the Swamp)
 35696 | Swamp:1  | Reached skill level 10 in Invocations
 36686 | Swamp:2  | Reached skill level 7 in Evocations
 37351 | Orc:2    | Bought an uncursed ring of poison resistance for 220 gold pieces
 37783 | Swamp:2  | Learned a level 3 spell: Regeneration
 37788 | Swamp:2  | Learned a level 4 spell: Animate Dead
 38061 | Swamp:2  | Reached skill level 1 in Charms
 38306 | Swamp:2  | Reached skill level 3 in Necromancy
 38772 | Swamp:2  | Reached skill level 2 in Charms
 39563 | D:15     | Bought a fustibalus for 510 gold pieces
 40290 | Swamp:3  | Noticed a thorn hunter
 40314 | Swamp:3  | HP: 7/99 [thorn hunter/volley of thorns (6)]
 40715 | Swamp:2  | Reached skill level 1 in Slings
 41046 | Swamp:2  | Killed a thorn hunter
 41046 | Swamp:2  | Reached skill level 3 in Charms
 41046 | Swamp:2  | Reached skill level 4 in Necromancy
 41256 | Swamp:3  | Reached skill level 2 in Slings
 41701 | Swamp:2  | Reached skill level 3 in Slings
 42408 | Snake:1  | Reached skill level 4 in Slings
 42408 | Snake:1  | Reached skill level 4 in Charms
 42610 | Snake:1  | Reached skill level 1 in Shields
 42610 | Snake:1  | Reached XP level 17. HP: 104/104 MP: 24/24
 42817 | Snake:1  | Reached skill level 2 in Shields
 43149 | Snake:1  | Reached skill level 5 in Slings
 43302 | Snake:1  | Reached skill level 5 in Charms
 43318 | Snake:1  | Got a crude cloak
 43329 | Snake:1  | Identified the cursed +0 cloak of Saczuf {rF+ Dex+5} (You found it on level 1 of the Snake Pit)
 43331 | Snake:1  | Noticed Frances
 43337 | Snake:1  | Killed Frances
 43798 | Snake:1  | Reached skill level 3 in Shields
 44052 | Snake:2  | Reached skill level 11 in Fighting
 44109 | Snake:2  | Reached skill level 6 in Slings
 44288 | Snake:2  | Reached skill level 5 in Necromancy
 45243 | Snake:2  | Reached skill level 4 in Shields
 45454 | Snake:2  | Reached skill level 7 in Slings
 46057 | Snake:2  | Reached skill level 6 in Charms
 46304 | Snake:2  | Reached skill level 5 in Shields
 47954 | Snake:3  | Reached skill level 8 in Evocations
 47958 | Snake:2  | Reached skill level 8 in Slings
 48256 | Snake:3  | Reached XP level 18. HP: 111/111 MP: 25/25
 48842 | Snake:4  | Entered Level 4 of the Snake Pit
 49165 | Snake:4  | Found a frozen archway.
 49171 | IceCv    | Entered an ice cave
 49978 | Snake:4  | Reached skill level 12 in Fighting
 50278 | Snake:4  | Reached skill level 12 in Polearms
 50651 | Snake:4  | Reached skill level 9 in Slings
 51479 | Snake:4  | Reached skill level 6 in Necromancy
 52289 | Snake:4  | Reached skill level 9 in Evocations
 52319 | Snake:4  | Reached skill level 13 in Dodging
 52909 | Snake:4  | Reached XP level 19. HP: 55/118 MP: 7/26
 53141 | Snake:4  | Got a serpentine rune of Zot
 53730 | Snake:1  | Reached skill level 1 in Spellcasting
 53931 | Vaults:1 | Entered Level 1 of the Vaults
 54107 | Vaults:1 | Reached skill level 15 in Stealth
 54319 | Vaults:1 | Reached skill level 2 in Spellcasting
 55515 | Vaults:1 | Reached skill level 13 in Polearms
 56426 | Vaults:1 | Reached skill level 10 in Evocations
 56832 | Vaults:1 | Reached skill level 11 in Invocations
 57437 | Vaults:2 | Reached XP level 20. HP: 125/125 MP: 28/28
 57438 | Vaults:2 | Noticed Boris
 58063 | Vaults:2 | Found Kowues's Gadget Shop.
 58179 | Vaults:2 | Found a staircase to the Crypt.
 58179 | Vaults:2 | Found an ancient bone altar of Kikubaaqudgha.
 58180 | Vaults:2 | Found a basalt altar of Yredelemnul.
 58291 | Vaults:2 | HP: 2/125 [something/bolt of cold (45)]
 59331 | Swamp:4  | Entered Level 4 of the Swamp
 60310 | Swamp:4  | Reached skill level 13 in Fighting
 60329 | Swamp:4  | Got a decaying rune of Zot
 60983 | Depths:1 | Entered Level 1 of the Depths
 60995 | Depths:1 | Found a gateway to Hell.
 61003 | Depths:1 | Reached skill level 7 in Necromancy
 61030 | Depths:1 | Paralysed by a vampire knight for 6 turns
 61899 | Depths:1 | Reached skill level 14 in Polearms
 61985 | Depths:1 | Noticed fleugma's ghost (veteran MfBe)
 62702 | Vaults:2 | Reached skill level 14 in Dodging
 62902 | Vaults:2 | Reached skill level 16 in Stealth
 62916 | Vaults:2 | Noticed a tengu reaver
 62927 | Vaults:2 | Killed a tengu reaver
 62980 | Vaults:2 | Reached XP level 21. HP: 130/130 MP: 29/29
 63539 | Vaults:2 | HP: 8/130 [Boris/bolt of cold (56)]
 63927 | Vaults:2 | Reached skill level 12 in Invocations
 65227 | Vaults:2 | Reached skill level 11 in Evocations
 65657 | Vaults:3 | Noticed Nikola
 67400 | Vaults:3 | Reached skill level 8 in Necromancy
 68122 | Vaults:2 | Reached XP level 22. HP: 108/137 MP: 25/31
 68673 | Vaults:3 | Killed Nikola
 68704 | Vaults:3 | Noticed Saint Roka
 68745 | Vaults:3 | Killed Saint Roka
 68745 | Vaults:3 | Reached skill level 15 in Dodging
 69059 | Vaults:3 | Reached skill level 13 in Invocations
 69487 | Vaults:3 | Reached skill level 14 in Fighting
 69904 | Vaults:4 | Noticed Bai Suzhen
 70033 | Vaults:4 | Reached skill level 12 in Evocations
 70164 | Vaults:4 | Reached skill level 1 in Armour
 70375 | Vaults:4 | Reached skill level 2 in Armour
 70653 | Vaults:4 | Reached skill level 3 in Armour
 70991 | Vaults:4 | Noticed a tengu reaver
 71004 | Vaults:4 | Killed a tengu reaver
 71178 | Vaults:4 | Reached skill level 4 in Armour
 71268 | Vaults:4 | Killed Bai Suzhen
 71322 | Vaults:4 | Identified the Catalogue of Venom and the Glacier
 71776 | Vaults:4 | Reached skill level 5 in Armour
 72937 | Elf:1    | Reached XP level 23. HP: 144/144 MP: 33/33
 73103 | Elf:1    | Upgraded the game from 0.19-a0-1903-gead39cf to 0.19-a0-1920-g83281cb
 73514 | Elf:1    | Reached skill level 6 in Armour
 74256 | Elf:2    | Found Ykliman's Magic Scroll Emporium.
 74265 | Elf:2    | Bought a scroll of teleportation for 45 gold pieces
 74265 | Elf:2    | Bought a scroll of teleportation for 45 gold pieces
 74265 | Elf:2    | Bought a scroll of teleportation for 45 gold pieces
 74265 | Elf:2    | Bought a scroll of identify for 30 gold pieces
 74265 | Elf:2    | Bought a scroll of identify for 30 gold pieces
 74265 | Elf:2    | Bought a scroll of identify for 30 gold pieces
 74265 | Elf:2    | Bought a scroll of identify for 30 gold pieces
 74420 | Elf:2    | Reached skill level 7 in Armour
 74731 | Elf:3    | Entered Level 3 of the Elven Halls
 75572 | Elf:2    | Reached skill level 16 in Dodging
 76678 | Depths:1 | Killed fleugma's ghost
 77123 | Depths:1 | Reached skill level 8 in Armour
 77337 | Depths:1 | Found Yfriatzi's Jewellery Shoppe.
 77337 | Depths:1 | Found Zodeaj's Gadget Shop.
 77338 | Depths:1 | Found Pasafrite's Gadget Shop.
 77349 | Depths:1 | Bought a wand of heal wounds (5/9) for 1242 gold pieces
 77436 | Depths:1 | Reached skill level 14 in Invocations
 77584 | Depths:1 | Found a one-way gate to the infinite horrors of the Abyss.
 78282 | Depths:2 | Found a shimmering altar of Xom.
 78308 | Depths:2 | Noticed a tengu reaver
 78409 | Depths:2 | Reached skill level 9 in Armour
 78435 | Depths:2 | Identified a potion of resistance
 78463 | Depths:2 | Reached skill level 13 in Evocations
 78731 | Depths:2 | Identified a wand of hasting (You found it on level 2 of the Depths)
 78845 | Depths:2 | Noticed a lich
 78854 | Depths:2 | Killed a lich
 79045 | Depths:2 | Found a gateway to a ziggurat.
 79140 | Depths:2 | Reached XP level 24. HP: 150/150 MP: 33/33
 79165 | Depths:2 | Noticed a lich
 79169 | Depths:2 | Noticed a lich
 79177 | Depths:2 | Killed a lich
 79192 | Depths:2 | Killed a lich
 79206 | Depths:2 | Identified a scroll of acquirement
 79277 | Depths:2 | Got a pair of ancient gloves
 79279 | Depths:2 | Identified the +0 pair of gloves "Eguyhyni" {rCorr} (You acquired it on level 2 of the Depths)
 80030 | Depths:3 | Reached skill level 9 in Necromancy
 80171 | Depths:3 | Reached skill level 10 in Armour
 80437 | Depths:3 | Noticed the Enchantress
 80460 | Depths:3 | Found a one-way gate leading to the halls of Pandemonium.
 81189 | Depths:3 | Killed the Enchantress
 81195 | Depths:3 | Got faerie dragon scales
 81196 | Depths:3 | Identified the +8 faerie dragon scales {rPois} (You took it off the Enchantress on level 3 of the Depths)
 81320 | Depths:3 | Reached skill level 15 in Fighting
 81506 | Depths:3 | Got a pitted zirconium amulet
 81507 | Depths:3 | Identified the amulet "Zoiqojamm" {rPois Regen+ Dex+2 Stlth+} (You took it off an ogre mage on level 3 of the Depths)
 81901 | Depths:3 | Learned a level 3 spell: Lesser Beckoning
 81993 | Depths:3 | Reached skill level 15 in Invocations
 82131 | Depths:3 | Reached skill level 1 in Translocations
 82230 | Depths:3 | Found a bloodstained altar of Trog.
 82239 | Depths:3 | Reached skill level 10 in Short Blades
 82524 | Depths:3 | Reached skill level 2 in Translocations
 83111 | Depths:4 | Reached skill level 3 in Translocations
 83125 | Depths:4 | Reached skill level 17 in Dodging
 83203 | Depths:4 | Noticed a tengu reaver
 83214 | Depths:4 | Killed a tengu reaver
 83437 | Depths:4 | Noticed a storm dragon
 83637 | Depths:4 | Killed a storm dragon
 83637 | Depths:4 | Reached XP level 25. HP: 137/156 MP: 34/34
 83733 | Depths:4 | Reached skill level 4 in Translocations
 83919 | Depths:4 | Reached skill level 14 in Evocations
 84234 | Depths:5 | Entered Level 5 of the Depths
 84541 | Depths:5 | Reached skill level 5 in Translocations
 85014 | Depths:5 | Reached skill level 6 in Translocations
 85207 | Depths:5 | Reached skill level 10 in Slings
 85675 | Depths:5 | Reached skill level 7 in Translocations
 85803 | Depths:5 | Found a gate to the Realm of Zot.
 85846 | Depths:5 | Reached skill level 11 in Slings
 85893 | Depths:5 | Noticed Margery
 85907 | Depths:5 | Killed Margery
 86108 | Depths:5 | Noticed a juggernaut
 86126 | Depths:5 | Killed a juggernaut
 86126 | Depths:5 | Reached skill level 8 in Translocations
 86197 | Depths:5 | Reached XP level 26. HP: 162/162 MP: 33/34
 86687 | Depths:5 | Reached skill level 12 in Slings
 86741 | Depths:5 | Noticed a juggernaut
 86744 | Depths:5 | Killed a juggernaut
 86744 | Depths:5 | Reached skill level 16 in Invocations
 86856 | Depths:5 | Reached skill level 9 in Translocations
 87122 | Depths:5 | Voluntarily entered the Abyss.
 87312 | Abyss:1  | Noticed a lich
 87322 | Abyss:1  | Killed a lich
 87362 | Abyss:1  | Found a corrupted altar of Lugonu.
 88031 | Abyss:1  | Found a hide-covered altar of Uskayaw.
 88115 | Abyss:1  | Noticed a lich
 88128 | Abyss:1  | Killed a lich
 88135 | Abyss:1  | Reached skill level 13 in Slings
 88408 | Abyss:2  | Found a corrupted altar of Lugonu.
 88730 | Abyss:3  | Reached skill level 18 in Dodging
 88755 | Abyss:3  | Got an abyssal rune of Zot
 88833 | Abyss:3  | Reached skill level 10 in Translocations
 88891 | Depths:5 | You pass through the gate.
 88891 | Depths:5 | Escaped the Abyss
 88968 | Zot:1    | Entered Level 1 of the Realm of Zot
 88998 | Zot:1    | Noticed a storm dragon
 89019 | Zot:1    | Killed a storm dragon
 89168 | Zot:1    | Reached skill level 15 in Evocations
 89275 | Zot:1    | Noticed a storm dragon
 89301 | Zot:1    | Noticed a storm dragon
 89361 | Zot:1    | Killed a storm dragon
 89364 | Zot:1    | Killed a storm dragon
 89494 | Zot:1    | Noticed a tengu reaver
 89575 | Zot:1    | Reached skill level 16 in Fighting
 89867 | Zot:1    | Noticed Tiamat
 89950 | Zot:1    | Reached skill level 11 in Translocations
 90253 | Zot:1    | Killed a tengu reaver
 90272 | Zot:1    | Learned a level 5 spell: Aura of Abjuration
 90412 | Zot:2    | Reached skill level 1 in Summonings
 90420 | Zot:1    | Reached XP level 27. HP: 113/169 MP: 19/35
 90670 | Zot:2    | Reached skill level 2 in Summonings
 91006 | Zot:2    | Reached skill level 3 in Summonings
 91282 | Zot:2    | Reached skill level 4 in Summonings
 91620 | Zot:2    | Noticed a titan
 91620 | Zot:2    | Noticed an electric golem
 91679 | Zot:2    | Reached skill level 17 in Invocations
 91841 | Zot:2    | Killed an electric golem
 91932 | Zot:2    | Noticed a titan
 92126 | Zot:2    | Noticed a storm dragon
 92135 | Zot:2    | Reached skill level 5 in Summonings
 92305 | Zot:2    | Killed a titan
 92432 | Zot:2    | Killed a storm dragon
 92455 | Zot:2    | Killed a titan
 92608 | Zot:3    | Reached skill level 6 in Summonings
 92790 | Zot:2    | Reached skill level 19 in Dodging
 93148 | Zot:3    | Reached skill level 7 in Summonings
 93213 | Zot:3    | Noticed a storm dragon
 93225 | Zot:3    | Killed a storm dragon
 93329 | Zot:3    | Noticed a storm dragon
 93421 | Zot:3    | Noticed a storm dragon
 93436 | Zot:3    | Killed a storm dragon
 93515 | Zot:3    | Reached skill level 11 in Armour
 93589 | Zot:3    | Reached skill level 8 in Summonings
 93713 | Zot:4    | Noticed a storm dragon
 93717 | Zot:4    | Killed a storm dragon
 93790 | Zot:4    | Noticed a storm dragon
 93848 | Zot:4    | Killed a storm dragon
 94095 | Zot:5    | Entered Level 5 of the Realm of Zot
 94112 | Zot:5    | Noticed a storm dragon
 94296 | Zot:5    | Killed a storm dragon
 94296 | Zot:5    | Reached skill level 12 in Armour
 94409 | Zot:4    | Reached skill level 9 in Summonings
 95188 | Zot:5    | Noticed an ancient lich
 95211 | Zot:5    | Noticed a storm dragon
 95236 | Zot:5    | Killed a storm dragon
 95236 | Zot:5    | Reached skill level 13 in Armour
 95353 | Zot:5    | Noticed an ancient lich
 95374 | Zot:5    | Killed an ancient lich
 95578 | Zot:5    | Noticed an ancient lich
 95584 | Zot:4    | Reached skill level 10 in Summonings
 95852 | Zot:4    | Killed an ancient lich
 96014 | Zot:5    | Noticed an orb of fire
 96063 | Zot:1    | Noticed a storm dragon
 96309 | Zot:1    | Learned a level 5 spell: Summon Forest
 96315 | Zot:1    | Learned a level 5 spell: Summon Demon
 97212 | Depths:4 | Reached skill level 16 in Evocations
 97543 | Zot:5    | Gained mutation: You expend magic power (3 MP) to strengthen your wands. [an orb of fire]
 97544 | Zot:5    | Gained mutation: You occasionally shout uncontrollably at your foes. [an orb of fire]
 97552 | Zot:5    | Noticed a storm dragon
 97558 | Zot:5    | Killed an orb of fire
 97571 | Zot:5    | Killed a storm dragon
 97621 | Zot:5    | Noticed an orb of fire
 97661 | Zot:5    | Noticed an ancient lich
 97679 | Zot:5    | Killed an ancient lich
 97679 | Zot:5    | Reached skill level 17 in Fighting
 97773 | Zot:5    | Noticed an orb of fire
 97785 | Zot:5    | Killed an orb of fire
 97791 | Zot:5    | Noticed an electric golem
 97822 | Zot:5    | Killed an electric golem
 97822 | Zot:5    | Reached skill level 18 in Invocations
 97831 | Zot:5    | Noticed an electric golem
 97843 | Zot:5    | Killed an electric golem
 97994 | Zot:5    | Reached skill level 11 in Summonings
 98239 | Zot:5    | Noticed an electric golem
 98253 | Zot:5    | Killed an electric golem
 98561 | Zot:5    | Reached skill level 14 in Armour
 98708 | Zot:5    | Killed an orb of fire
 99218 | Zot:5    | Got the Orb of Zot
 99827 | D:6      | Noticed Hahenuo the pandemonium lord
 99889 | D:4      | Noticed Xeaqokk the pandemonium lord
 99989 | D:$      | Escaped with the Orb!

Vanquished Creatures
  3 orbs of fire (Zot:5)
  2 juggernauts (Depths:5)
  Saint Roka (Vaults:3)
  Bai Suzhen (Vaults:4)
  A Killer Klown (Zot:5)
  The ghost of fleugma the Merfolkian Porcupine, a veteran MfBe of Trog (Depths:1)
  6 golden dragons
  the Enchantress (Depths:3)
  2 bone dragons (Abyss:1)
  3 electric golems
  5 liches
  9 tentacled monstrosities
  19 Orb Guardians
  9 quicksilver dragons
  A titan (Zot:2)
  2 Executioners
  2 sphinxes
  8 death cobs
  2 tentacled starspawn (Abyss:1)
  A thorn hunter (Swamp:2)
  8 shadow dragons
  9 draconian monks
  6 nagarajas
  Donald (Orc:2)
  11 storm dragons
  4 tengu reavers
  6 draconian knights
  5 frost giants
  A balrug (Depths:4)
  5 deep elf sorcerers
  4 fire giants
  2 ghost moths
  3 draconian zealots
  15 vault wardens
  5 draconian scorchers
  A caustic shrike zombie (Depths:4)
  8 draconian shifters
  7 draconian annihilators
  20 ironheart preservers
  24 very ugly things
  6 caustic shrike skeletons
  7 spriggan defenders
  A vampire knight (Depths:1)
  An entropy weaver (Vaults:4)
  Nessos (D:14)
  2 draconian callers (Zot:3)
  12 green draconians
  21 stone giants
  2 deep elf annihilators (Vaults:1)
  12 spark wasps
  3 deep elf demonologists
  11 black draconians
  9 purple draconians
  13 mottled draconians
  10 red draconians
  11 yellow draconians
  9 white draconians
  2 dire elephants (Depths:3)
  A blizzard demon (Depths:5)
  A deep elf death mage (Elf:3)
  16 ettins
  15 fire dragons
  15 hydras
  A deep elf high priest (Elf:3)
  Erolcha (Orc:1)
  A hell beast (Depths:5)
  6 vault guards
  7 rakshasas
  10 ice dragons
  11 yaktaur captains
  A catoblepas (D:13)
  9 great orbs of eyes
  5 spriggan air magi
  17 naga warriors
  2 ghost crabs (Swamp:3)
  2 monstrous demonspawn (Depths:5)
  A ghost crab (shapeshifter) (Vaults:1)
  16 centaur warriors
  14 ogre magi
  10 dancing weapons
  5 deep troll shamans
  5 alligators
  A death knight (D:12)
  9 anacondas
  7 deep troll earth magi
  2 tengu warriors
  13 death yaks
  A hell hog (shapeshifter) (Elf:1)
  5 spriggan berserkers
  15 naga sharpshooters
  4 thrashing horrors
  4 orc high priests
  37 spriggans
  14 deep elf knights
  4 shock serpents
  18 hell knights
  A sixfirhy (Abyss:1)
  2 sun demons (Depths:4)
  4 iron trolls
  A skeletal warrior (Vaults:4)
  3 shadow wraiths
  A storm dragon skeleton (Depths:4)
  A spatial maelstrom (Abyss:3)
  3 salamander mystics
  5 glowing orange brains
  2 death drakes (Depths:5)
  24 deep trolls
  2 flayed ghosts
  An unseen horror (shapeshifter) (Depths:2)
  8 unseen horrors
  5 spriggan druids (Depths:3)
  A gelid demonspawn (Depths:5)
  9 naga ritualists
  7 swamp dragons
  3 lindwurms (Depths:5)
  9 hill giants
  8 necromancers
  4 harpies
  10 deep elf archers
  21 ironbrand convokers
  A shadow dragon zombie (Depths:4)
  2 shambling mangroves
  12 wizards
  35 deep elf magi
  5 mana vipers
  17 orc knights
  45 ugly things
  3 wolf spiders
  2 frost giant zombies (Depths:4)
  A sphinx zombie (Depths:4)
  2 manticores (shapeshifter)
  5 orc sorcerers
  8 cyclopes
  An elephant (shapeshifter) (Vaults:1)
  7 salamanders
  A worldbinder (Abyss:1)
  6 guardian serpents
  21 moths of wrath
  A manticore (D:12)
  A frost giant skeleton (Depths:2)
  10 spiny frogs
  5 elephants
  A guardian serpent (shapeshifter) (D:13)
  31 black mambas
  17 vault sentinels
  A gargoyle (D:11)
  3 smoke demons (Abyss:1)
  16 naga magi
  An orange demon (Abyss:1)
  2 rust devils
  A rime drake (Lair:6)
  A spriggan skeleton (Depths:2)
  41 yaktaurs
  10 freezing wraiths
  2 kobold demonologists (D:13)
  5 komodo dragons
  A yaktaur (shapeshifter) (Vaults:1)
  An anaconda simulacrum (IceCv)
  4 efreet
  A silent spectre (Abyss:3)
  6 tengu conjurers
  2 jumping spiders (shapeshifter)
  An ancient zyme (Abyss:1)
  A meliai (shapeshifter) (D:13)
  A wind drake (Depths:5)
  A hydra zombie (Abyss:1)
  An ice devil (Depths:5)
  6 tyrant leeches
  13 trolls
  Prince Ribbit (D:9)
  3 raiju
  56 slime creatures
  A polar bear (shapeshifter) (Elf:1)
  3 bog bodies
  28 two-headed ogres
  A wind drake (shapeshifter) (D:14)
  6 large abominations
  18 hornets
  16 blink frogs
  4 hippogriffs (Lair:6)
  A blink frog (shapeshifter) (Vaults:4)
  A deep troll zombie (Depths:1)
  2 human simulacra
  A stone giant simulacrum (Depths:2)
  2 tarantellas (shapeshifter)
  6 water elementals
  A centaur simulacrum (D:15)
  7 air elementals
  A dire elephant simulacrum (IceCv)
  30 yaks
  2 elf skeletons
  7 wyverns
  A yak (shapeshifter) (Depths:4)
  2 shadows
  2 redbacks (Vaults:4)
  5 wraiths
  A ynoxinul (Abyss:1)
  An ettin skeleton (Abyss:3)
  2 fire elementals
  6 fire bats
  A steam dragon (shapeshifter) (D:13)
  5 golden eyes (Abyss:1)
  2 basilisks
  2 hungry ghosts (D:12)
  3 steam dragons (Swamp:4)
  3 neqoxecs
  10 vampire mosquitoes
  5 chaos spawn
  Edmund (D:4)
  4 mottled dragons
  A soldier ant (D:13)
  12 swamp worms
  A soldier ant (shapeshifter) (Elf:2)
  10 wargs
  37 nagas
  A hydra simulacrum (IceCv)
  7 porcupines
  A tengu skeleton (Depths:1)
  7 water moccasins
  A floating eye (Abyss:3)
  5 swamp drakes
  2 hexers
  2 black bears (D:11)
  2 sky beasts
  40 orc warriors
  8 ice beasts
  A fire dragon simulacrum (Depths:1)
  An ice dragon simulacrum (Depths:1)
  12 boggarts
  3 phantoms (D:12)
  A necrophage (D:6)
  59 ogres
  4 eyes of draining
  14 wolves
  28 centaurs
  13 crocodiles
  2 earth elementals
  3 big kobolds
  A wyvern zombie (D:8)
  15 bullfrogs
  8 small abominations
  7 scorpions
  11 killer bees
  8 wights
  A howler monkey (shapeshifter) (Vaults:2)
  4 howler monkeys
  9 crimson imps
  6 centaur zombies
  4 starcursed masses (Abyss:1)
  2 quasits
  8 hounds
  5 jellies
  A bullfrog skeleton (D:12)
  11 two-headed ogre zombies (Orc:1)
  3 centaur skeletons
  24 orc priests
  23 orc wizards
  An iron imp (Depths:5)
  An iguana (D:6)
  9 worker ants
  A hound zombie (D:8)
  A hound skeleton (D:7)
  A mummy (D:6)
  5 gnolls
  10 adders
  9 shadow imps
  3 white imps
  An ufetubus (Depths:5)
  2 adder zombies
  An adder skeleton (D:3)
  2 dart slugs (D:3)
  5 leopard geckos
  86 orcs
  9 giant cockroaches
  10 goblins
  13 hobgoblins
  13 jackals
  21 kobolds
  4 quokkas
  4 ball pythons
  A ball python skeleton (D:5)
  9 bats
  7 frilled lizards
  A goblin zombie (D:6)
  2 leopard gecko skeletons
  5 rats
  A butterfly (Lair:2)
  3 pillars of salt (Vaults:4)
2084 creatures vanquished.

Vanquished Creatures (collateral kills)
  3 ancient liches
  Margery (Depths:5)
  2 Killer Klowns
  5 golden dragons
  Nikola (Vaults:3)
  An electric golem (Zot:5)
  4 tentacled monstrosities
  8 Orb Guardians
  A titan (Zot:2)
  A quicksilver dragon (Zot:4)
  Gastronok (Lair:2)
  Frances (Snake:1)
  2 shadow dragons
  A storm dragon (Zot:2)
  A nagaraja (Snake:4)
  3 frost giants
  A draconian knight (Zot:1)
  2 draconian scorchers
  A vault warden (Vaults:1)
  A draconian shifter (Zot:1)
  A ghost moth (Zot:5)
  2 ironheart preservers
  A caustic shrike skeleton (Depths:3)
  An entropy weaver (Vaults:3)
  A stone giant (Zot:2)
  A war gargoyle (Vaults:3)
  A black draconian (Zot:5)
  A deep elf demonologist (Depths:5)
  A deep elf annihilator (Vaults:1)
  A yellow draconian (Zot:1)
  4 white draconians
  Snorg (D:10)
  A spark wasp (Depths:5)
  2 red draconians
  3 purple draconians
  A yaktaur captain (Vaults:3)
  7 ogre magi
  5 anacondas
  3 naga warriors
  5 hydras
  Harold (D:11)
  4 spriggan air magi
  A rakshasa (Vaults:2)
  2 death knights
  A centaur warrior (Depths:3)
  A ghost crab (Swamp:3)
  The ghost of Vibarexel the Arsonist, a journeyman DEFE of Sif Muna (D:11)
  A dancing weapon (Elf:3)
  A vampire mage (D:15)
  2 spriggan berserkers
  2 orc high priests (Orc:2)
  A shock serpent (Snake:1)
  A death yak (Lair:6)
  2 deep elf knights
  3 naga sharpshooters
  An iron troll (Zot:2)
  A fire crab (Swamp:4)
  2 hell knights
  An unseen horror (Vaults:1)
  A death drake (Depths:5)
  2 deep trolls (Vaults:4)
  4 deep elf archers
  2 swamp dragons
  3 ironbrand convokers
  5 naga ritualists
  3 orc knights
  3 spriggan druids
  2 lindwurms
  A necromancer (Depths:5)
  6 hill giants
  A harpy (Vaults:3)
  A wolf spider (Vaults:2)
  3 mana vipers
  A cyclops (shapeshifter) (Depths:4)
  9 ugly things
  2 orc sorcerers
  2 deep elf magi
  A frost giant skeleton (Vaults:2)
  9 moths of wrath
  2 cyclopes
  17 naga magi
  2 salamanders (Snake:3)
  6 elephants
  A rust devil (Depths:5)
  2 vault sentinels
  11 black mambas
  An orange demon (Abyss:1)
  3 spiny frogs
  12 yaktaurs
  An efreet (Zot:2)
  3 freezing wraiths
  2 trolls
  2 tengu conjurers
  2 wind drakes (Depths:5)
  A jumping spider (Vaults:4)
  10 hornets
  10 blink frogs
  A bog body (Swamp:1)
  7 two-headed ogres
  12 slime creatures
  A raiju (Abyss:3)
  A hexer (Swamp:3)
  3 air elementals
  A spriggan (shapeshifter) (Vaults:1)
  A shadow (D:15)
  11 spriggans
  A vampire (D:14)
  A redback (Vaults:4)
  2 wyverns
  7 yaks
  A fire bat (Swamp:4)
  2 fire elementals (Depths:2)
  A golden eye (Abyss:1)
  A steam dragon (Swamp:4)
  2 yaktaur simulacra
  2 neqoxecs (Abyss:1)
  A hungry ghost (D:12)
  A vampire mosquito (Lair:4)
  16 nagas
  A warg (D:10)
  2 harpy simulacra (IceCv)
  2 swamp worms
  3 water moccasins
  2 porcupines
  5 swamp drakes
  An ice beast (shapeshifter) (Vaults:3)
  2 black bears
  6 orc warriors
  5 ice beasts
  A necrophage (D:12)
  17 ogres
  4 wolves
  2 boggarts (Depths:3)
  7 centaurs
  2 large abominations (Depths:1)
  A human skeleton (Vaults:3)
  2 crocodiles
  A human zombie (Vaults:3)
  A big kobold (D:14)
  5 bullfrogs
  An earth elemental (Elf:1)
  2 glowing shapeshifter simulacra (Vaults:1)
  2 scorpions
  A wyvern skeleton (D:8)
  4 killer bees
  2 howler monkeys
  A crimson imp (D:12)
  8 orc priests
  A bullfrog skeleton (D:13)
  A hound (D:7)
  13 orc wizards
  3 two-headed ogre zombies (Orc:1)
  A gnoll shaman (D:6)
  2 iguanas
  5 worker ants
  3 gnolls (D:6)
  2 shadow imps
  A leopard gecko (D:6)
  41 orcs
  A giant cockroach (D:6)
  2 goblins (D:8)
  A jackal (D:8)
  A kobold zombie (D:6)
  A leopard gecko skeleton (D:6)
  A quokka skeleton (D:6)
  A quokka zombie (D:6)
  2 bushes
  A butterfly (Lair:4)
  3 fungi
  A pillar of salt (Vaults:4)
  6 plants
525 creatures vanquished.

Vanquished Creatures (others)
  A sphinx (Vaults:3)
  An eldritch tentacle (Vaults:4)
  A vampire knight (Depths:4)
  A necromancer (Vaults:3)
  A hill giant (Zot:2)
  A deep elf mage (Elf:1)
  A moth of wrath (Zot:2)
  2 black mambas
  A freezing wraith (Vaults:3)
  A two-headed ogre (Zot:2)
  A slime creature (Depths:2)
  A shadow (Swamp:4)
  A spriggan (Depths:3)
  A naga (Snake:4)
  A swamp drake (Swamp:4)
  A boggart (Depths:3)
  2 ogres
  95 hexers
  7 ancestors
  An orc (Vaults:1)
  5 bushes
  17 fungi
  A lurking horror (Abyss:1)
  5 pillars of salt (Vaults:4)
  16 plants
  A snaplasher vine (Zot:5)
  6 starspawn tentacles (Abyss:1)
173 creatures vanquished.

Grand Total: 2782 creatures vanquished
